 Dungeon Crawl Stone Soup version 0.31.0-11-ge490571c62 (webtiles) character file.

Game seed: 15359684914390676638

23 rumournova the Chopper (level 2, -1/27 HPs)
             Began as a Hill Orc Monk on Jan 30, 2024.
             Was a Believer of Beogh.
             Frozen to death by an endoplasm (5 damage)
             ... on level 1 of the Dungeon.
             The game lasted 00:01:58 (327 turns).

rumournova the Chopper (Hill Orc Monk)               Turns: 327, Time: 00:02:00

Health: -1/27      AC:  2    Str: 13    XL:     2   Next: 95%
Magic:  2/2        EV: 12    Int: 10    God:    Beogh [**....]
Gold:   25         SH:  0    Dex: 13    Spells: 1/1 levels left

rFire   . . .        a - +0 hand axe
rCold   . . .        d - orb {light}
rNeg    . . .        b - +0 robe
rPois   .            (no helmet)
rElec   .            (no cloak)
rCorr   .            (no gloves)
SInv    .            (no boots)
Will    .....        (no amulet)
Stlth   +            (no ring)
HPRegen 0.24/turn    (no ring)
MPRegen 0.08/turn

%: no passive effects
@: glowing
A: no striking features
a: Renounce Religion, Smiting


You were on level 1 of the Dungeon.
You worshipped Beogh.
Beogh was pleased with you.
You visited 1 branch of the dungeon, and saw 1 of its levels.

You collected 25 gold pieces.

Inventory:

Hand Weapons
 a - a +0 hand axe (weapon)
Armour
 b - a +0 robe (worn)
 d - an orb of light (worn)
Scrolls
 e - a scroll of poison {unknown}
 f - a scroll of enchant weapon {unknown}
 g - a scroll of identify {unknown}
Potions
 c - a potion of ambrosia


   Skills:
 + Level 4.0 Fighting
 + Level 4.6 Axes
 + Level 2.7 Dodging


You had one spell level left.
You didn't know any spells.
Your spell library contained the following spells:

 Spells                   Type           Power      Damage    Failure   Level
 Foxfire                  Conj/Fire      0%         2x1d4     36%         1
 Starburst                Conj/Fire      0%         6d3       100%        6


Dungeon Overview and Level Annotations

Branches:
Dungeon (1/15)

Altars:
Beogh


Message History

You see here a frilled lizard corpse.
You hit the endoplasm but do no damage.
The endoplasm hits you but does no damage.
An endoplasm comes into view.
A bat comes into view.
The endoplasm quivers.
You hit the endoplasm.
The endoplasm is lightly wounded.
The endoplasm hits you.
You hit the endoplasm but do no damage.
The endoplasm is lightly wounded.
You barely miss the hobgoblin. The hobgoblin closely misses you.
The endoplasm freezes you.
You are frozen.
You hit the endoplasm.
The endoplasm is moderately wounded.
You hit the hobgoblin but do no damage. You hit the bat but do no damage.
The bat hits you. The endoplasm misses you. The hobgoblin hits you. x2
The endoplasm freezes you.
You are frozen.
You hit the endoplasm.
You kill the endoplasm!
Beogh accepts your kill.
You hit the hobgoblin. The bat closely misses you. The hobgoblin hits you.
* * * LOW HITPOINT WARNING * * *
The bat closely misses you. The hobgoblin barely misses you.
You hit the hobgoblin.
You kill the hobgoblin!
Beogh accepts your kill.
You hit the endoplasm. You hit the bat but do no damage. The bat misses you.
The endoplasm freezes you.
You are frozen.
* * * LOW HITPOINT WARNING * * *
Okay, then.
You hit the endoplasm but do no damage.
The endoplasm is lightly wounded.
The bat closely misses you.
A quokka comes into view.
The endoplasm freezes you.
You are frozen.
You die...

.....#...#............##
.....#.####..........##
.....#.# #####.#.####
###....# #.#.#
#...###### #.#.##
###......... #....#
............ #....#
##...........##....#
#..............@†.#
#.............J..>#
##.............b...#
##.................#
.#.................#
.))######.........)#
...# ..........# ...#
r.........# ...#


You could see an endoplasm, a quokka and a bat.

Vanquished Creatures
  A dart slug (D:1)
  A bat (D:1)
  2 endoplasms (D:1)
  A giant cockroach (D:1)
  3 goblins (D:1)
  3 hobgoblins (D:1)
  A kobold (D:1)
  3 frilled lizards (D:1)
  4 rats (D:1)
19 creatures vanquished.

Notes
Turn   | Place    | Note
-------+----------+-------------------------------------------
     0 | D:1      | rumournova the Hill Orc Monk began the quest for the Orb.
     0 | D:1      | Reached XP level 1. HP: 19/19 MP: 1/1
     2 | D:1      | Noticed an octopode
     2 | D:1      | Noticed a gargoyle
     4 | D:1      | Noticed a human
     6 | D:1      | Noticed a merfolk
     6 | D:1      | Noticed a draconian
     8 | D:1      | Noticed a tengu
     8 | D:1      | Noticed a ghoul
    10 | D:1      | Noticed a demigod
    12 | D:1      | Noticed an elf
    12 | D:1      | Noticed a minotaur
    14 | D:1      | Noticed a spriggan
    16 | D:1      | Noticed a barachi
    16 | D:1      | Noticed a formicid
    18 | D:1      | Noticed an oni
    18 | D:1      | Noticed a vampire
    20 | D:1      | Noticed a djinni
    20 | D:1      | Noticed a demonspawn
    22 | D:1      | Noticed a felid
    24 | D:1      | Noticed a troll
    24 | D:1      | Noticed a naga
    26 | D:1      | Noticed an armataur
    26 | D:1      | Noticed a vine stalker
    37 | D:1      | Got the Compendium of Ignition
    79 | D:1      | Reached XP level 2. HP: 27/27 MP: 2/2
   176 | D:1      | Found a faded altar of an unknown god.
   186 | D:1      | Prayed at the altar of an unknown god.
   186 | D:1      | Became a worshipper of Beogh the Brigand
   186 | D:1      | Reached * piety under Beogh
   186 | D:1      | Reached ** piety under Beogh
   327 | D:1      | Frozen to death by an endoplasm

Illustrated notes

Levels and vault maps discovered:
D:1:      kb_arrival_jail, layout_rooms, ebering_ecumenical_altar_petrified

Skill      XL: |  1  2 |
---------------+-------+-----
Fighting       | 4 |  4.0
Axes           | |  4.6
Dodging        | |  2.7

Action                     || total
---------------------------++-------
  Melee: Hand axe          ||    40
 Armour: Robe              ||    23
  Dodge: Dodged            ||    23
